 Dungeon Crawl Stone Soup version 0.25-a0-366-g516bc45ae0 (webtiles) character file.

Game seed: 10529227026499538782, levelgen mode: deterministic

108 mopl the Caller (level 4, 0/33 HPs)
             Began as a Draconian Summoner on Jan 6, 2020.
             Slain by a bullfrog (2 damage)
             ... in a sewer.
             The game lasted 00:06:21 (2551 turns).

mopl the Caller (Draconian Summoner)                Turns: 2551, Time: 00:06:22

Health: 0/33       AC:  5    Str: 10    XL:     4   Next: 58%
Magic:  2/9        EV: 12    Int: 17    God:
Gold:   66         SH:  0    Dex: 11    Spells: 0/9 levels left

rFire    . . .     SeeInvis .   c - +0 spear
rCold    . . .     Gourm    .   (no shield)
rNeg     . . .     Faith    .   (armour unavailable)
rPois    .         Spirit   .   (helmet restricted)
rElec    .         Reflect  .   (no cloak)
rCorr    .         Harm     .   (no gloves)
MR       .....                  (no boots)
Stlth    ++........             (no amulet)
HPRegen  0.11/turn              (no ring)
MPRegen  0.11/turn              (no ring)

@: no status effects
A: unfitting armour, cold-blooded, AC +5
a: no special abilities


You were in a sewer.
You were hungry.

You visited 1 branch of the dungeon, and saw 3 of its levels.
You also visited: Sewer.

You collected 66 gold pieces.

Inventory:

Hand Weapons
 c - a +0 spear (weapon)
Missiles
 e - 21 poisoned darts (quivered)
 f - 7 javelins
 l - a throwing net
Scrolls
 g - a scroll of remove curse
 j - a scroll of fog
 k - a scroll of teleportation {unknown}
Potions
 a - 4 potions of curing {unknown}
 d - a potion of berserk rage {!q}
 h - a potion of resistance {unknown}
 m - a potion of heal wounds {unknown}
Comestibles
 b - 6 rations
 i - 5 chunks of flesh


   Skills:
 - Level 1.7 Dodging
 - Level 1.7 Stealth
 * Level 3.4 Spellcasting
 + Level 0.3 Hexes
 + Level 5.0 Summonings


You couldn't memorise any spells.
You knew the following spells:

 Your Spells              Type           Power        Failure   Level  Hunger
a - Summon Small Mammal   Summ           ###.         1%          1    None
b - Call Imp              Summ           ###.....     3%          2    ##.....
c - Call Canine Familiar  Summ           ###.....     6%          3    ###....
g - Summon Guardian Gole  Hex/Summ       ##......     17%         3    ###....

Your spell library contained the following spells:

 Spells                   Type           Power        Failure   Level  Hunger
 Summon Ice Beast         Ice/Summ       ##......     52%         4    ####...
 Summon Lightning Spire   Summ/Air       ##......     52%         4    ####...


Dungeon Overview and Level Annotations

Branches:
Dungeon (3/15)              Sewer (1/1)

Altars:


Innate Abilities, Weirdness & Mutations

Your plain brown scales are hard. (AC +5)
You cannot fit into any form of body armour.
You are cold-blooded and may be slowed by cold attacks.


Message History

Confirm with . or Enter, or press ? or * to list all spells.
A beastly little devil appears in a puff of flame.
The bullfrog hits you! The bullfrog misses you.
Your hound closely misses the bullfrog.
The bullfrog closely misses you.
Unknown command.
Unknown command.
Casting: Call Imp (safe; 3% risk of failure)
Confirm with . or Enter, or press ? or * to list all spells.
A beastly little devil appears in a puff of frigid air.
Your white imp says, "You called?"
The bullfrog hits you.
* * * LOW HITPOINT WARNING * * *
Your hound splashes around in the water.
The bullfrog barely misses you. The bullfrog hits you.
* * * LOW HITPOINT WARNING * * *
Your crimson imp hits the bullfrog.
Your hound bites the bullfrog.
Unknown command.
Okay, then.
The bullfrog hits your crimson imp. The bullfrog hits you.
You die...

≈≈≈≈≈≈≈≈≈≈≈≈≈≈≈≈≈≈≈≈≈≈≈≈≈≈.#
≈≈≈≈≈≈≈≈≈≈≈≈≈≈≈≈≈≈≈≈≈≈≈≈≈≈.#
....≈≈≈≈..≈...≈.≈≈≈≈≈≈≈≈≈..#
################≈≈≈≈≈##≈≈≈##
# #≈≈≈≈.##≈≈≈# #
#.≈≈≈≈##≈≈≈# # ######
#.≈≈≈.##÷†.# #
#≈≈≈≈≈###.≈≈≈.##.≈.# #
≈≈≈≈≈≈≈≈#@5≈≈.##≈≈≈# #
≈≈≈≈≈≈≈≈#F5≈≈.##.≈.# #
≈≈≈≈≈≈≈≈hF≈≈≈.###≈## #
≈≈≈≈≈≈≈≈≈.≈≈≈.# #.# #
≈≈≈≈≈≈≈≈≈.≈≈≈.# #.# #
≈≈≈.≈≈≈≈≈.≈≈≈.# #∩# #
≈≈.%≈≈≈≈≈≈≈≈≈.# #.# #
≈.$$)≈≈≈≈≈≈≈≈.# #∩# #
≈≈.$.≈≈≈≈≈≈≈≈.# #.#


You could see 2 bullfrogs, a friendly hound, a friendly crimson imp and a
friendly white imp.

Vanquished Creatures
  An adder (Sewer)
  A worm (D:3)
  2 dart slugs (D:1)
  5 leopard geckos
  8 bats
  6 giant cockroaches
  2 hobgoblins
  2 quokkas (D:3)
  2 ball pythons
  11 frilled lizards
  2 goblins (D:1)
  2 kobolds
  4 rats
48 creatures vanquished.

Vanquished Creatures (collateral kills)
  5 adders
  2 worms (D:2)
  A dart slug (D:1)
  A leopard gecko (Sewer)
  3 ball pythons (Sewer)
  5 giant cockroaches
  A goblin (D:1)
  3 hobgoblins (D:1)
  3 kobolds
  2 frilled lizards (Sewer)
  2 rats
28 creatures vanquished.

Grand Total: 76 creatures vanquished

Notes
Turn   | Place    | Note
-------+----------+-------------------------------------------
     0 | D:1      | mopl the Draconian Summoner began the quest for the Orb.
     0 | D:1      | Reached XP level 1. HP: 14/14 MP: 3/3
   297 | D:1      | Reached XP level 2. HP: 15/20 MP: 3/5
   301 | D:1      | Learned a level 2 spell: Call Imp
  1027 | D:1      | Reached XP level 3. HP: 19/26 MP: 7/7
  1118 | D:1      | Learned a level 3 spell: Call Canine Familiar
  1443 | D:2      | Found a faded altar of an unknown god.
  1590 | D:2      | Reached skill level 3 in Spellcasting
  2152 | D:3      | Reached XP level 4. HP: 29/33 MP: 0/8
  2250 | D:3      | Reached skill level 5 in Summonings
  2260 | D:3      | Found a glowing drain.
  2269 | Sewer    | Entered a sewer
  2318 | Sewer    | Learned a level 3 spell: Summon Guardian Golem
  2545 | Sewer    | Noticed a bullfrog
  2546 | Sewer    | Noticed a bullfrog
  2551 | Sewer    | Slain by a bullfrog

Levels and vault maps discovered:
D:1:      saegor_arrival_under_anarchy, layout_basic
D:2:      layout_basic, first_ration, chequers_ecumenical_altar_simple_redux
D:3:      layout_rooms, portal_sewer_entry_d
Sewer:    sewer_frog_island_01

Skill      XL: |  1  2  3  4 |
---------------+-------------+-----
Spellcasting   | 3 |  3.4
Summonings     | 5 |  5.0
Dodging        | |  1.7
Stealth        | |  1.7
Hexes          | |  0.3

Action                   |  1- 3 |  4- 6 || total
-------------------------+-------+-------++-------
Melee: Unarmed           |    26 |       ||    26
       Spear             |   119 |    68 ||   187
       Tailslap          |     5 |     1 ||     6
Throw: Dart              |     1 |       ||     1
 Cast: Summon Small Mamm |     9 |       ||     9
       Call Imp          |    13 |     5 ||    18
       Call Canine Famil |     5 |     5 ||    10
  Use: Scroll            |     3 |       ||     3
 Stab: Sleeping          |     3 |     1 ||     4
       Distracted        |     1 |       ||     1
  Eat: Chunk             |     5 |     2 ||     7
Armor: Skin              |    32 |    19 ||    51
Dodge: Dodged            |    89 |    43 ||   132

Table legend:
 A = Non-vault XP
 B = Vault XP
 C = Vault XP percentage of total XP
 D = Non-vault monster count
 E = Vault monster count
 F = Vault count percentage of total count
                 A         B        C        D         E       F
            +---------+---------+-------+---------+---------+-------
      Total |     111 |      44 |  28.4 |      57 |      19 |  25.0
            +---------+---------+-------+---------+---------+-------
        D:1 |      41 |       0 |   0.0 |      27 |       0 |   0.0
        D:2 |      37 |       0 |   0.0 |      16 |       0 |   0.0
        D:3 |      33 |       8 |  19.5 |      14 |       1 |   6.7
      Sewer |       0 |      36 | 100.0 |       0 |      18 | 100.0
            +---------+---------+-------+---------+---------+-------
